 Dungeon Crawl Stone Soup version 0.31-a0-188-g5e087ee2ca (webtiles) character file.

Game seed: 688916943964832437

38 qw the Shooter (level 3, 0/19 (22) HPs)
             Began as a Deep Elf Hunter on June 22, 2023.
             Slain by Terence
             ... wielding the +7 Throatcutter {drain, coup de grace}
              (2 damage)
             ... on level 2 of the Dungeon.
             The game lasted 00:00:20 (1020 turns).

qw the Shooter (Deep Elf Hunter)                    Turns: 1020, Time: 00:00:20

HP:   0/19 (22)     AC:  3    Str: 10    XL:     3   Next: 25%
MP:   5/5           EV: 12    Int: 13    God:
Gold: 135           SH:  0    Dex: 18    Spells: 2/2 levels left

rFire   . . .        Y - +0 shortbow
rCold   . . .        (shield currently unavailable)
rNeg    . . .        c - +0 leather armour
rPois   .            (no helmet)
rElec   .            (no cloak)
rCorr   .            (no gloves)
SInv    +            (no boots)
Will    .....        (no amulet)
Stlth   ++           (no ring)
HPRegen 0.23/turn    (no ring)
MPRegen 0.09/turn

%: no passive effects
@: heavily drained
A: see invisible, robust 1
a: no special abilities


You were on level 2 of the Dungeon.
You visited 1 branch of the dungeon, and saw 2 of its levels.

You collected 135 gold pieces.


Innate Abilities, Weirdness & Mutations

You have supernaturally acute eyesight. (SInv)
You are robust. (+10% HP)


   Skills:
 - Level 1.5 Fighting
 + Level 6.8 Ranged Weapons
 - Level 2.4 Dodging
 - Level 1.2 Stealth


You had 2 spell levels left.
You didn't know any spells.
Your spell library was empty.

Inventory:

Hand Weapons
 Y - a +0 shortbow (weapon)
Armour
 c - a +0 leather armour (worn)
Jewellery
 a - a ring of fire
Scrolls
 f - 2 scrolls of identify
Potions
 b - a potion of curing {unknown}
 d - a potion of heal wounds {unknown}
 e - a potion of might
 g - a potion of mutation
 h - a potion of brilliance {unknown}

Dungeon Overview and Level Annotations

Branches:
Dungeon (2/15)

Altars:

Annotations:
D:2 Terence


Message History

Enter note:
Enter note:
Enter note:
h - an emerald potion You see here a hobgoblin corpse.
Enter note:
Enter note:
Enter note:
Enter note: Terence the Incautious comes into view.
He is wielding the +7 Throatcutter {drain, coup de grace}.
Enter note:
Enter note:
Enter note:
Enter note: You shoot an arrow.
The arrow hits Terence.
Terence is lightly wounded.
Terence is nearby!
Enter note:
Enter note:
Enter note:
Enter note: You shoot an arrow.
The arrow barely misses Terence.
Terence misses you.
You shoot an arrow. The arrow hits Terence.
Terence is moderately wounded.
Terence hits you with the +7 Throatcutter {drain, coup de grace}.
You feel drained.
You shoot an arrow. The arrow closely misses Terence.
Terence completely misses you.
You shoot an arrow.
The arrow hits Terence but does no damage.
Terence is moderately wounded.
Terence hits you with the +7 Throatcutter {drain, coup de grace}.
You feel drained.
You shoot an arrow.
The arrow hits Terence but does no damage.
Terence is moderately wounded.
Terence hits you with the +7 Throatcutter {drain, coup de grace}!
You feel drained.
You die...

# # ... ## . #.. .##
... #.... ..#
...##.... #...#
........ # .##...
........ ##.# .#
##........#'##@..#.##
.... #..#
#...@......# .... #.#
#...#.###### ....#
#.# #...#.# .####
#.####.....# .#
#..##......# .#
#.......##...# .#
###.%...### .#... .#
#......>.....##.#
.#####.#.#.....## #
.#


You could see Terence.

Vanquished Creatures
  An adder (D:2)
  A bat (D:1)
  5 endoplasms
  A goblin (D:1)
  5 hobgoblins
  4 kobolds
  3 ball pythons
  3 frilled lizards
  3 rats
26 creatures vanquished.

Notes
Turn   | Place    | Note
-------+----------+-------------------------------------------
     0 | D:1      | qw the Deep Elf Hunter began the quest for the Orb.
     0 | D:1      | Reached XP level 1. HP: 12/12 MP: 3/3
     0 | D:1      | 0 ||| qw: Version: 0.3-a-9-g12657ce
     0 | D:1      | 0 ||| qw: Game counter: 2915
     0 | D:1      | 0 ||| qw: Always use a shield: true
     0 | D:1      | 0 ||| qw: God list: Okawaru
     0 | D:1      | 0 ||| qw: Allow faded altars: false
     0 | D:1      | 0 ||| qw: Do Orc after D:15 true
     0 | D:1      | 0 ||| qw: Do second Lair branch before Depths: true
     0 | D:1      | 0 ||| qw: Lair rune preference: random
     0 | D:1      | 0 ||| qw: Plans: Normal
     0 | D:1      | 0 ||| PLANNING D:1-11
   326 | D:1      | 326 ||| READING scroll labelled DIFOOSI XIVYMI.
   380 | D:1      | Reached skill level 6 in Ranged Weapons
   380 | D:1      | Reached XP level 2. HP: 16/16 MP: 4/4
   730 | D:1      | 730 ||| READING scroll labelled SIJATHR NIUTUDI.
   731 | D:1      | 731 ||| DRINKING 2 coppery potions.
   732 | D:1      | 732 ||| DRINKING 2 metallic dark potions.
   732 | D:1      | Gained mutation: You have supernaturally acute eyesight.
                  | (SInv) [potion of mutation]
   732 | D:1      | Gained mutation: You are robust. (+10% HP) [potion of
                  | mutation]
   737 | D:1      | 737 ||| DROPPING scroll of butterflies.
   837 | D:2      | Reached XP level 3. HP: 22/22 MP: 5/5
   946 | D:2      | Found a faded altar of an unknown god.
  1011 | D:2      | Noticed Terence
  1020 | D:2      | HP: 2/20 [Terence/the +7 Throatcutter {drain, coup de
                  | grace} (9)]
  1020 | D:2      | Slain by Terence

Levels and vault maps discovered:
D:1:      lightli_arrival_lavapool, layout_basic, serial_forest,
          infiniplex_forest_straight_2, infiniplex_forest_end_1,
          infiniplex_forest_clump_diagonal, infiniplex_forest_lined_3,
          infiniplex_forest_clump_long, infiniplex_forest_clump_curved,
          infiniplex_forest_end_3, infiniplex_forest_clump_curved,
          infiniplex_forest_clump_cross
D:2:      layout_basic, hellmonk_ecumenical_altar_lost_god,
          minmay_misc_feat_tower, uniq_natasha, uniq_terence

Skill      XL: |  1 |
---------------+----+-----
Ranged Weapons | 6 |  6.8
Fighting       | |  1.5
Dodging        | |  2.4
Stealth        | |  1.2

Action                     || total
---------------------------++-------
   Fire: Shortbow          ||    58
    Use: Scroll            ||     2
         Potion            ||     2
 Armour: Leather armour    ||     2
  Dodge: Dodged            ||    13

Table legend:
 A = Non-vault XP
 B = Vault XP
 C = Vault XP percentage of total XP
 D = Non-vault monster count
 E = Vault monster count
 F = Vault count percentage of total count
                 A         B        C        D         E       F
            +---------+---------+-------+---------+---------+-------
      Total |      55 |       0 |   0.0 |      26 |       0 |   0.0
            +---------+---------+-------+---------+---------+-------
        D:1 |      20 |       0 |   0.0 |      12 |       0 |   0.0
        D:2 |      35 |       0 |   0.0 |      14 |       0 |   0.0
            +---------+---------+-------+---------+---------+-------
